 Dungeon Crawl Stone Soup version 0.28.0-53-g5a82cb258f (webtiles) character file.

Game seed: 2216917888967870730

129 DocClef the Sneak (level 5, -2/37 HPs)
             Began as a Gnoll Enchanter on July 13, 2022.
             Frozen to death by an endoplasm (3 damage)
             ... on level 4 of the Dungeon.
             The game lasted 00:04:12 (3653 turns).

DocClef the Sneak (Gnoll Enchanter)                 Turns: 3653, Time: 00:04:13

Health: -2/37      AC:  3    Str:  7    XL:     5   Next: 12%
Magic:  7/12       EV: 13    Int: 16    God:
Gold:   194        SH:  0    Dex: 13    Spells: 6/14 levels left

rFire   . . .      SeeInvis .   k - +0 dagger (freeze)
rCold   . . .      Faith    .   (no shield)
rNeg    . . .      Spirit   .   b - +0 robe
rPois   .          Reflect  .   (no helmet)
rElec   .          Harm     .   (no cloak)
rCorr   .          Rampage  .   (no gloves)
Will    .....                   e - +0 pair of boots
Stlth   +++.......              (no amulet)
HPRegen 0.12/turn               (no ring)
MPRegen 0.13/turn               (no ring)

@: no status effects
A: fangs 1, strong nose, distributed training
a: no special abilities


You were on level 4 of the Dungeon.
You visited 1 branch of the dungeon, and saw 4 of its levels.

You collected 194 gold pieces.

Inventory:

Hand Weapons
 a - a +1 dagger
 k - a +0 dagger of freezing (weapon)
Missiles
 m - 2 throwing nets (quivered)
Armour
 b - a +0 robe (worn)
 e - a +0 pair of boots (worn)
Jewellery
 f - a ring of flight
 h - a ring of positive energy
Scrolls
 i - a scroll of vulnerability {unknown}
 j - 5 scrolls of teleportation {unknown}
 l - 2 scrolls of identify {unknown}
 o - a scroll of enchant weapon {unknown}
Potions
 c - a potion of invisibility
 d - 3 potions of degeneration {unknown}
 g - a potion of ambrosia {unknown}
 n - 2 potions of mutation {unknown}
 p - a potion of magic {unknown}


   Skills:
 + Level 1.3 Fighting
 + Level 2.9 Short Blades
 + Level 1.3 Long Blades
 + Level 1.3 Axes
 + Level 1.3 Maces & Flails
 + Level 1.3 Polearms
 + Level 1.3 Staves
 + Level 1.3 Slings
 + Level 1.3 Bows
 + Level 1.3 Crossbows
 + Level 1.3 Throwing
 + Level 1.3 Armour
 + Level 4.7 Dodging
 + Level 6.1 Stealth
 + Level 1.3 Shields
 + Level 1.3 Unarmed Combat
 + Level 5.1 Spellcasting
 + Level 1.1 Conjurations
 + Level 5.5 Hexes
 + Level 1.1 Summonings
 + Level 1.1 Necromancy
 + Level 1.1 Translocations
 + Level 1.1 Transmutations
 + Level 1.1 Fire Magic
 + Level 1.1 Ice Magic
 + Level 1.1 Air Magic
 + Level 1.1 Earth Magic
 + Level 1.1 Poison Magic
 + Level 1.5 Invocations
 + Level 1.3 Evocations


You had 6 spell levels left.
You knew the following spells:

 Your Spells              Type           Power      Damage    Failure   Level
a - Confusing Touch       Hex            21%        N/A       4%          3
b - Tukima's Dance        Hex            21%        N/A       4%          3
c - Ensorcelled Hibernat  Hex/Ice        28%        N/A       6%          2

Your spell library contained the following spells:

 Spells                   Type           Power      Damage    Failure   Level
 Beastly Appendage        Tmut           14%        N/A       10%         1
 Dazzling Flash           Conj/Hex       28%        N/A       12%         3
 Wereblood                Tmut           7%         N/A       14%         2
 Spider Form              Tmut/Pois      7%         N/A       28%         3


Dungeon Overview and Level Annotations

Branches:
Dungeon (4/15)
 Temple: D:4-7

Altars:
Fedhas
Nemelex Xobeh
Zin


Innate Abilities, Weirdness & Mutations

You have very sharp teeth.
Your uncanny sense of smell can sniff out nearby items.
Your experience applies equally to all skills.


Message History

The scorpion zombie is moderately damaged.
The scorpion zombie closely misses you.
You hit the scorpion zombie but do no damage.
The scorpion zombie is moderately damaged.
The scorpion zombie hits you.
* * * LOW HITPOINT WARNING * * *
You barely miss the scorpion zombie.
The scorpion zombie is moderately damaged.
You hit the scorpion zombie but do no damage.
You punch the scorpion zombie.
The scorpion zombie is moderately damaged.
The scorpion zombie barely misses you.
You strike the helpless scorpion zombie from behind!
You puncture the scorpion zombie!
The scorpion zombie is severely damaged.
The scorpion zombie barely misses you.
You hit the scorpion zombie but do no damage.
The scorpion zombie is severely damaged.
The scorpion zombie misses you.
You hit the scorpion zombie but do no damage.
The scorpion zombie is severely damaged.
The scorpion zombie hits you!
* * * LOW HITPOINT WARNING * * *
You hit the scorpion zombie but do no damage.
You bite the scorpion zombie, but do no damage.
The scorpion zombie is severely damaged.
The scorpion zombie misses you.
You strike the helpless scorpion zombie from behind!
You puncture the scorpion zombie! You freeze the scorpion zombie.
You destroy the scorpion zombie!
You have reached level 5!
You barely miss the endoplasm.
You bite the endoplasm, but do no damage.
An orc comes into view.
It is wielding a +0 short sword and carrying a wand of polymorph (7).
The orc shouts!
You hit the endoplasm but do no damage.
You hear a shout!
The endoplasm freezes you.
You are frozen.
You die...

#.. .. ∆ ... .. #....
... .. ∆ #.... #.# .#
#... #.# .# #..# # #.#
.# #..+ #.#o####.#.#
#..## #.#.)@J....#
###...##
###.#.####.#.#
<......###.#........#.
##.........#..........
#.........###.####.#.
#....................#
#.######+####.####.#.#
#.. #.# .# #.. #$#


You could see an orc and an endoplasm.

Vanquished Creatures
  A scorpion zombie (D:4)
  3 adders
  3 worms (D:3)
  A dart slug (D:2)
  An orc (D:3)
  11 ball pythons
  2 endoplasms (D:1)
  3 giant cockroaches
  4 hobgoblins
  4 quokkas
  6 bats
  2 frilled lizards
  9 goblins
  7 kobolds
  9 rats
66 creatures vanquished.

Vanquished Creatures (others)
  3 withered plants (D:4)
3 creatures vanquished.

Grand Total: 69 creatures vanquished

Notes
Turn   | Place    | Note
-------+----------+-------------------------------------------
     0 | D:1      | DocClef the Gnoll Enchanter began the quest for the Orb.
     0 | D:1      | Reached XP level 1. HP: 13/13 MP: 6/6
   128 | D:1      | Reached XP level 2. HP: 16/19 MP: 7/7
   710 | D:1      | Found a faded altar of an unknown god.
  1120 | D:2      | Reached XP level 3. HP: 21/25 MP: 9/9
  1185 | D:2      | Reached skill level 5 in Spellcasting
  1189 | D:2      | Learned a level 3 spell: Confusing Touch
  1193 | D:2      | Learned a level 3 spell: Tukima's Dance
  1261 | D:2      | Reached skill level 6 in Stealth
  1281 | D:2      | Reached skill level 1 in Invocations
  1469 | D:2      | Reached skill level 1 in Fighting
  1469 | D:2      | Reached skill level 1 in Long Blades
  1469 | D:2      | Reached skill level 1 in Axes
  1469 | D:2      | Reached skill level 1 in Maces & Flails
  1469 | D:2      | Reached skill level 1 in Polearms
  1469 | D:2      | Reached skill level 1 in Staves
  1469 | D:2      | Reached skill level 1 in Slings
  1469 | D:2      | Reached skill level 1 in Bows
  1469 | D:2      | Reached skill level 1 in Crossbows
  1469 | D:2      | Reached skill level 1 in Throwing
  1469 | D:2      | Reached skill level 1 in Armour
  1469 | D:2      | Reached skill level 1 in Shields
  1469 | D:2      | Reached skill level 1 in Unarmed Combat
  1469 | D:2      | Reached skill level 1 in Evocations
  2046 | D:2      | Reached XP level 4. HP: 29/32 MP: 11/11
  2296 | D:3      | Found a blossoming altar of Fedhas.
  2299 | D:3      | Found a glowing silver altar of Zin.
  2938 | D:3      | Reached skill level 1 in Conjurations
  2938 | D:3      | Reached skill level 1 in Summonings
  2938 | D:3      | Reached skill level 1 in Necromancy
  2938 | D:3      | Reached skill level 1 in Translocations
  2938 | D:3      | Reached skill level 1 in Transmutations
  2938 | D:3      | Reached skill level 1 in Fire Magic
  2938 | D:3      | Reached skill level 1 in Ice Magic
  2938 | D:3      | Reached skill level 1 in Air Magic
  2938 | D:3      | Reached skill level 1 in Earth Magic
  2938 | D:3      | Reached skill level 1 in Poison Magic
  3503 | D:3      | Found a sparkling altar of Nemelex Xobeh.
  3563 | D:3      | Learned a level 2 spell: Ensorcelled Hibernation
  3649 | D:4      | HP: 1/32 [scorpion zombie (7)]
  3652 | D:4      | Reached XP level 5. HP: 1/37 MP: 7/12
  3653 | D:4      | Frozen to death by an endoplasm

Illustrated notes

Levels and vault maps discovered:
D:1:      minmay_arrival_stair_chambers, layout_loops_ring,
          shapermc_ecumenical_altar_pompeii
D:2:      minmay_alternating_diamond, layout_loops_ring
D:3:      layout_loops_corners, nemelex_diamond_rough_becter,
          nicolae_overflow_squiral, minmay_misc_feat_room, minmay_vboxes
D:4:      layout_basic, grunt_temple_overflow_lords_of_destruction,
          serial_undead, serial_undead_e, serial_undead_b, serial_undead_e,
          serial_undead_e

Skill      XL: |  1  2  3  4 |
---------------+-------------+-----
Spellcasting   | 5 |  5.1
Stealth        | 6 |  6.1
Invocations    | 1 |  1.5
Fighting       | 1 |  1.3
Long Blades    | 1 |  1.3
Axes           | 1 |  1.3
Maces & Flails | 1 |  1.3
Polearms       | 1 |  1.3
Staves         | 1 |  1.3
Slings         | 1 |  1.3
Bows           | 1 |  1.3
Crossbows      | 1 |  1.3
Throwing       | 1 |  1.3
Armour         | 1 |  1.3
Shields        | 1 |  1.3
Unarmed Combat | 1 |  1.3
Evocations     | 1 |  1.3
Conjurations   | 1 |  1.1
Summonings     | 1 |  1.1
Necromancy     | 1 |  1.1
Translocations | 1 |  1.1
Transmutations | 1 |  1.1
Fire Magic     | 1 |  1.1
Ice Magic      | 1 |  1.1
Air Magic      | 1 |  1.1
Earth Magic    | 1 |  1.1
Poison Magic   | 1 |  1.1
Short Blades   | |  2.9
Dodging        | |  4.7
Hexes          | |  5.5

Action                   |  1- 3 |  4- 6 || total
-------------------------+-------+-------++-------
Melee: Dagger            |   114 |   152 ||   266
       Bite              |     7 |    15 ||    22
       Punch             |     1 |     5 ||     6
 Cast: Confusing Touch   |     1 |     5 ||     6
       Ensorcelled Hiber |       |     1 ||     1
 Stab: Sleeping          |    14 |     6 ||    20
       Confused          |       |     4 ||     4
Armor: Robe              |    23 |    27 ||    50
Dodge: Dodged            |    70 |   116 ||   186
